 Dungeon Crawl Stone Soup version 0.21-a0-434-g806c6c2 (webtiles) character file.

41 slep the Sneak (level 3, 0/27 HPs)
             Began as a Demonspawn Wanderer on Nov 9, 2017.
             Slain by an adder (4 damage)
             ... on level 2 of the Dungeon.
             The game lasted 00:04:01 (1106 turns).

slep the Sneak (Demonspawn Wanderer)                Turns: 1106, Time: 00:04:01

Health: 0/27       AC:  8    Str: 11    XL:     3   Next: 32%
Magic:  3/3        EV:  8    Int: 11    God:
Gold:   68         SH:  4    Dex: 16    Spells: 2/2 levels left

rFire    . . .     SeeInvis .   b - +0 hand axe
rCold    . . .     Gourm    .   (no shield)
rNeg     . . .     Faith    +   a - +2 scale mail
rPois    .         Spirit   .   (no helmet)
rElec    .         Reflect  .   (no cloak)
rCorr    .         Harm     .   (no gloves)
MR       .....                  (no boots)
Stlth    +.........             k - amulet of faith
HPRegen  0.09/turn              (no ring)
MPRegen  0.08/turn              (no ring)

@: lethally poisoned (0 -> -1)
A: large bone plates 1, rot immunity
a: no special abilities


You were on level 2 of the Dungeon.
You were not hungry.

You visited 1 branch of the dungeon, and saw 2 of its levels.

You collected 68 gold pieces.

Inventory:

Hand Weapons
 b - a +0 hand axe (weapon)
 d - a +0 dagger
Missiles
 i - a throwing net (quivered)
Armour
 a - a +2 scale mail (worn)
Jewellery
 k - an amulet of faith (around neck)
Scrolls
 e - a scroll of identify {unknown}
 n - 3 scrolls of random uselessness {unknown}
Potions
 c - a potion of curing
 h - a potion of heal wounds {unknown}
 l - 2 potions of haste {unknown}
Comestibles
 f - 2 bread rations
 g - 4 fruits
 j - a meat ration
 m - 2 royal jellies
 o - 2 chunks of flesh


   Skills:
 + Level 2.3 Fighting
 + Level 3.1 Axes
 + Level 1.3 Armour
 + Level 0.4 Dodging
 + Level 3.3 Stealth
 + Level 1.0 Unarmed Combat


You had 2 spell levels left.
You didn't know any spells.

Dungeon Overview and Level Annotations

Branches:
Dungeon (2/15)

Altars:


Innate Abilities, Weirdness & Mutations

You are partially covered in large bone plates. (SH +4)
You are immune to rotting.


Message History

The adder bites you.
* * * LOW HITPOINT WARNING * * *
The adder barely misses you.
You hit the adder but do no damage. Your punch misses the adder.
The adder is heavily wounded.
You block the adder's attack.
You barely miss the adder.
The adder is heavily wounded.
You feel sick. You block the adder's attack.
You hit the adder.
The adder is almost dead.
You block the adder's attack. The adder barely misses you.
You closely miss the adder.
The adder is almost dead.
The adder bites you.
* * * LOW HITPOINT WARNING * * *
You barely miss the adder.
The adder is almost dead.
You feel sick. The adder bites you.
You die...

# #.#..#.### #.##...#....#
#......)....#
###########..#.....#
#........##..##....# #
#........##........###.#
#........#..###......#.#
#..........#####.#.#...#
#........†...S@.....#..##..
#...<......####.#....).....
#####.###...# #.###?#..##.
##.#...#.# #.# #.##..#
#....###...... #.. .
##....# ###..# ##.#
######...### #.## ..
#.....†<†(.# #. ...
#..........# ...


You could see an adder.

Vanquished Creatures
  A gnoll (D:2)
  An adder (D:2)
  A leopard gecko (D:1)
  A bat (D:2)
  2 giant cockroaches
  4 goblins (D:1)
  A hobgoblin (D:1)
  2 kobolds
  A quokka (D:2)
  2 ball pythons (D:1)
  3 frilled lizards
  4 rats
23 creatures vanquished.

Notes
Turn   | Place    | Note
-------+----------+-------------------------------------------
     0 | D:1      | slep the Demonspawn Wanderer began the quest for the Orb.
     0 | D:1      | slep set off with: a +2 scale mail, a +0 hand axe, a potion of curing, a +0 dagger, a bread ration
     0 | D:1      | Reached XP level 1. HP: 16/16 MP: 1/1
   249 | D:1      | Gained mutation: You are partially covered in large bone plates. (SH +4) [demonic ancestry]
   249 | D:1      | Reached XP level 2. HP: 22/22 MP: 2/2
   977 | D:2      | Gained mutation: You are immune to rotting. [demonic ancestry]
   977 | D:2      | Reached XP level 3. HP: 8/27 MP: 3/3
  1106 | D:2      | Slain by an adder

Vault maps used:
D:1:      mushboom_english_gardens, minmay_cut_off
D:2:      overflow_temple_1_default, nicolae_qazlal_style_of_elements,
          first_bread, minmay_statues_item

Skill      XL: |  1  2 |
---------------+-------+-----
Stealth        | 3 |  3.3
Axes           | 3 |  3.1
Fighting       | |  2.3
Armour         | |  1.3
Dodging        | |  0.4
Unarmed Combat | |  1.0

Action                   || total
-------------------------++-------
Melee: Hand axe          ||   110
 Stab: Distracted        ||     1
  Eat: Chunk             ||     1
Armor: Scale mail        ||    71
Dodge: Dodged            ||    53
Block: Other             ||    23

Table legend:
 A = Spawn XP
 B = Non-spawn XP
 C = Spawn XP percentage of total XP
 D = Spawn monster count
 E = Non-spawn monster count
 F = Spawn count percentage of total count
 G = Total turns spent on level
                    A         B        C        D         E        F      G
               +---------+---------+-------+---------+---------+-------+---------
         Total |       0 |      59 |   0.0 |       0 |      23 |   0.0 |  1106
               +---------+---------+-------+---------+---------+-------+---------
           D:1 |       0 |      21 |   0.0 |       0 |      14 |   0.0 |   917
           D:2 |       0 |      38 |   0.0 |       0 |       9 |   0.0 |   189
               +---------+---------+-------+---------+---------+-------+---------
